 Dungeon Crawl Stone Soup version 0.30-a0-840-ga523dec638 (webtiles) character file.

Game seed: 1747043676587076494

725 zenocrate the Changer (level 7, -3/43 HPs)
             Began as an Octopode Transmuter on Mar 1, 2023.
             Slain by a mummy (18 damage)
             ... in an ossuary.
             The game lasted 00:03:17 (2699 turns).

zenocrate the Changer (Octopode Transmuter)         Turns: 2699, Time: 00:03:18

Health: -3/43      AC:  1    Str: 10    XL:     7   Next: 71%
Magic:  10/10      EV: 13    Int: 17    God:
Gold:   120        SH:  0    Dex: 12    Spells: 0/10 levels left

rFire   . . .      SeeInvis .      - Unarmed
rCold   . . .      Faith    .    h - orb {light}
rNeg    . . .      Spirit   .    (helmet currently unavailable)
rPois   .          Reflect  .    (no amulet)
rElec   .          Harm     .    (no ring)
rCorr   .          Rampage  .    (no ring)
Will    .....                    (no ring)
Stlth   ++                       (no ring)
HPRegen 0.27/turn                (no ring)
MPRegen 0.12/turn                (no ring)
                                 (no ring)
                                 (no ring)

@: appendages (expiring), glowing
A: tentacle spike 3, almost no armour, amphibious, 8 rings, camouflage 1,
gelatinous body 1, (nimble swimmer 1), tentacles
a: End Transformation


You were in an ossuary.
One of your tentacles had grown a beastly spike.
You visited 1 branch of the dungeon, and saw 4 of its levels.
You also visited: Ossuary.

You collected 120 gold pieces.

Inventory:

Armour
 h - an orb of light (worn)
Wands
 d - a wand of roots (3)
 k - a wand of quicksilver (4)
 p - a wand of paralysis (5)
Scrolls
 c - 2 scrolls of fog
 e - a scroll of amnesia
 g - a scroll of brand weapon
 i - 2 scrolls of identify
Potions
 a - 2 potions of haste {unknown}
 b - 2 potions of heal wounds
 f - 2 potions of magic
 j - a potion of invisibility
 l - a potion of curing
 m - a potion of might
 o - a potion of attraction {unknown}
 q - 2 potions of degeneration {unknown}
 s - 2 potions of flight {unknown}


   Skills:
 - Level 1.0 Fighting
 - Level 2.0 Dodging
 - Level 4.2 Stealth
 + Level 4.8 Unarmed Combat
 - Level 2.0 Spellcasting
 * Level 5.7 Transmutations
 + Level 3.4 Ice Magic


You couldn't memorise any spells.
You knew the following spells:

 Your Spells              Type           Power      Damage    Failure   Level
a - Wereblood             Tmut           21%        N/A       2%          2
b - Beastly Appendage     Tmut           42%        N/A       1%          1
c - Ice Form              Ice/Tmut       17%        N/A       30%         4
d - Swiftness             Air            1%         N/A       50%         3

Your spell library contained the following spells:

 Spells                   Type           Power      Damage    Failure   Level
 Passwall                 Tmut/Erth      9%         N/A       9%          2
 Ensorcelled Hibernation  Hex/Ice        14%        N/A       14%         2
 Magic Dart               Conj           4%         1d3       19%         1
 Spider Form              Tmut/Pois      11%        N/A       19%         3
 Call Imp                 Summ           1%         N/A       28%         2
 Mephitic Cloud           Conj/Pois/Air  1%         N/A       50%         3


Dungeon Overview and Level Annotations

Branches:
Dungeon (4/15)            Ossuary (1/1)
 Temple: D:4-7

Altars:
Makhleb


Innate Abilities, Weirdness & Mutations

One of your tentacles has grown a beastly spike.
You cannot wear most types of armour.
You are amphibious.
You can wear up to eight rings at the same time.
Your skin changes colour to match your surroundings (Stealth+).
Your rubbery body absorbs attacks. (AC +1, EV +1)
((You are camouflaged when in or above water. (Stealth+)))
You have tentacles for arms and can constrict up to eight enemies at once.


Message History

The mummy struggles to escape constriction.
You tentacle-slap the mummy.
You feel a bit better.
You destroy the mummy!
The hobgoblin zombie barely misses you.
A hobgoblin zombie comes into view.
You tentacle-slap the mummy but do no damage.
You grab the mummy.
You constrict the mummy, but do no damage.
You tentacle-slap the mummy.
You pierce the mummy.
You squeeze the mummy!
You feel a bit better.
You destroy the mummy!
The hobgoblin zombie hits you.
You bludgeon the hobgoblin zombie!
You feel a bit better.
You destroy the hobgoblin zombie!
Your primal bloodlust is almost over.
You howl as the wereblood boils in your veins!
You bludgeon the hobgoblin zombie! You grab the hobgoblin zombie.
You pierce the hobgoblin zombie.
You feel a bit better.
You destroy the hobgoblin zombie!
A mummy comes into view.
Your transformation is almost over.
A mummy comes into view.
Your primal bloodlust has ended.
There are monsters nearby!
There are monsters nearby!
A mummy comes into view.
The mummy completely misses you.
You tentacle-slap the mummy but do no damage.
You grab the mummy.
You pierce the mummy.
The mummy is moderately damaged.
You constrict the mummy, but do no damage.
You tentacle-slap the mummy.
You pierce the mummy.
You squeeze the mummy, but do no damage.
The mummy is severely damaged.
You constrict the mummy. The mummy hits you!
You tentacle-slap the mummy but do no damage.
You pierce the mummy, but do no damage.
The mummy is severely damaged.
You constrict the mummy. The mummy hits you!!
You die...

#.... ### .....
##..## ..
...M.##....##..
...............
#..............
.............
#.MM.....#
#.@....#
##....## #....#
#....# #....#
#....# #....#
#....# #....#


You could see 3 mummies.

Vanquished Creatures
  Sigmund (D:3)
  An orc warrior (D:4)
  A jelly (D:4)
  Jessica (D:3)
  Ijyb (D:3)
  Natasha (thrice) (D:3)
  Terence (D:3)
  4 orc wizards
  2 mummies (Ossuary)
  3 gnolls (D:3)
  3 adders
  An ufetubus (D:3)
  A worm (D:2)
  2 dart slugs
  10 orcs
  3 ball pythons
  8 endoplasms
  3 giant cockroaches (D:2)
  2 goblins
  4 hobgoblins
  11 jackals
  A quokka (D:2)
  6 bats
  4 frilled lizards
  2 gnoll zombies (Ossuary)
  3 hobgoblin zombies (Ossuary)
  3 kobolds
  2 kobold zombies (Ossuary)
  An orc zombie (Ossuary)
  7 rats
95 creatures vanquished.

Notes
Turn   | Place    | Note
-------+----------+-------------------------------------------
     0 | D:1      | zenocrate the Octopode Transmuter began the quest for the
                  | Orb.
     0 | D:1      | Reached XP level 1. HP: 13/13 MP: 3/3
   330 | D:1      | Reached XP level 2. HP: 15/18 MP: 3/5
   699 | D:2      | Reached skill level 1 in Stealth
   791 | D:2      | Reached XP level 3. HP: 21/23 MP: 4/6
   794 | D:2      | Learned a level 2 spell: Wereblood
   867 | D:2      | Reached skill level 1 in Ice Magic
   915 | D:2      | Reached skill level 3 in Transmutations
   915 | D:2      | Reached XP level 4. HP: 10/28 MP: 4/7
  1285 | D:2      | Reached XP level 5. HP: 33/33 MP: 5/8
  1514 | D:3      | Noticed Natasha
  1517 | D:3      | Killed Natasha
  1628 | D:3      | Noticed Jessica
  1636 | D:3      | Killed Jessica
  1752 | D:3      | Noticed Natasha
  1757 | D:3      | Killed Natasha
  1758 | D:3      | Reached skill level 4 in Transmutations
  1770 | D:3      | Reached XP level 6. HP: 38/38 MP: 5/9
  1786 | D:3      | Noticed Natasha
  1789 | D:3      | Killed Natasha
  1797 | D:3      | Learned a level 4 spell: Ice Form
  1848 | D:3      | Found a burning altar of Makhleb.
  1885 | D:3      | Noticed Ijyb
  1891 | D:3      | Paralysed by Ijyb for 5 turns
  1898 | D:3      | Killed Ijyb
  2084 | D:3      | Noticed Sigmund
  2089 | D:3      | Killed Sigmund
  2090 | D:3      | Reached XP level 7. HP: 37/43 MP: 10/10
  2118 | D:3      | Noticed Terence
  2131 | D:3      | Killed Terence
  2132 | D:3      | Reached skill level 5 in Transmutations
  2256 | D:3      | Learned a level 3 spell: Swiftness
  2642 | D:4      | Found a sand-covered staircase.
  2654 | Ossuary  | Entered an ossuary
  2699 | Ossuary  | Slain by a mummy

Illustrated notes

Levels and vault maps discovered:
D:1:      ncdulo_wetmaze, layout_loops_ring
D:2:      layout_rooms, amcnicky_mini_pool_small,
          hangedman_abyss_or_decor_stabs, minmay_box_of_dots
D:3:      layout_basic, mainiacjoe_overflow_surrounded_room, dk_vineyard_2,
          uniq_ijyb, uniq_natasha, uniq_terence, uniq_sigmund, uniq_jessica
D:4:      layout_cave_pools, enter_ossuary_1
Ossuary:  ossuary_tomb_3

Skill      XL: |  1  2  3  4  5  6  7 |
---------------+----------------------+-----
Stealth        | 1 2 3 4 |  4.2
Ice Magic      | 1 2 3 |  3.4
Transmutations | 3 4 5 |  5.7
Unarmed Combat | 4 |  4.8
Fighting       | |  1.0
Dodging        | |  2.0
Spellcasting   | |  2.0

Action                     |  1- 3 |  4- 6 |  7- 9 || total
---------------------------+-------+-------+-------++-------
  Melee: Unarmed           |    46 |    71 |    74 ||   191
         Kick              |    15 |    26 |    18 ||    59
         Constrict         |    16 |    26 |    15 ||    57
         Tentacles         |    10 |    20 |    12 ||    42
         Punch             |     3 |     2 |     2 ||     7
   Cast: Beastly Appendage |    12 |    13 |     7 ||    32
         Wereblood         |     3 |    14 |     8 ||    25
    Use: Scroll            |       |     4 |     6 ||    10
         Potion            |       |       |     4 ||     4
   Stab: Sleeping          |     1 |       |       ||     1
 Armour: Skin              |    10 |     6 |   114 ||   130
  Dodge: Dodged            |    32 |    44 |    32 ||   108

Table legend: (Time is in decaauts)
 A = Elapsed time spent in this place.
 B = Non-inter-level travel time spent in this place.
 C = Inter-level travel time spent in this place.
 D = Time resting spent in this place.
 E = Time spent auto-exploring this place.
 F = Levels seen in this place.
 G = Mean time per level.
                   A        B        C        D        E       F      G
               +--------+--------+--------+--------+--------+-----+--------+
         Total |   2685 |   2615 |     70 |      8 |   2048 |   5 |  537.0 |
       Dungeon |   2641 |   2571 |     70 |      8 |   2046 |   4 |  660.2 |
       Ossuary |     43 |     43 |      0 |      0 |      2 |   1 |   43.0 |
               +--------+--------+--------+--------+--------+-----+--------+

Top non-repeatable levels by time:
     D:3: 816 daAuts
     D:2: 790 daAuts
     D:1: 669 daAuts
     D:4: 365 daAuts
 Ossuary: 43 daAuts
